Description

Agressive start with banelings vs Zerg

Replay - 2019-11-02 - (Z)Gredu VS (Z)Epsilan

Build Order

Get SALT Encoding   

  12  0:00  Drone  
  13  0:08  Drone  
  14  0:15  Extractor, Drone  
  14  0:21  Extractor, Drone  
  15  0:36  Spawning Pool  
  14  0:43  Overlord  
  14  0:51  Extractor, Drone  
  15  1:04  Drone x2  
  17  1:24  Zergling x6  
  19  1:26  Metabolic Boost  
  20  1:38  Zergling x2  
  21  1:46  Baneling Nest  
  20  1:49  Zergling x2  
  21  1:59  Zergling x2  
  21  2:01  Hatchery  
  21  2:10  Zergling x2  
  22  2:27  Overlord  
  22  2:37  Baneling x4  
  22  2:45  Queen  
  22  2:46  Zergling x4  
Spawning Tool Build Advisor. Get it on Overwolf

Go to:

Details

  • Created by: xenlee
  • Published on: Dec 16, 2019
  • Modified on: Dec 16, 2019
  • Patch: 4.11.0
Show
View Real Time Build Order
Export as new Build Order

Comments (0)

There are no comments. Be the first!

Create an account to comment!